| TOP OF THE 1ST |
|
Hillsboro Hops batting - Pitching for Williamsport Crosscutters : RHP Alard Kraaijeveld
|
|
Pitching: RHP Alard Kraaijeveld
|
|
|
Batting: RHB Edgar Garcia
|
0-0: Ball 1-0: Ball 2-0: Foul Ball, location: 2F 2-1: Called Strike 2-2: Ball 3-2: Foul Ball, location: 2F 3-2: Foul Ball, location: 2F 3-2: Strikes out looking
|
|
Batting: RHB Brandon Joshua
|
0-0: Ball 1-0: Ground out U3 (Groundball, 34S, EV 79.4 MPH)
|
|
Batting: RHB Chris Bittner
|
0-0: Foul Ball, location: 2F 0-1: Ball 1-1: Ball 2-1: Fly out, F9 (Flyball, 9S, EV 91.2 MPH)
|
| Top of the 1st over - 0 runs, 0 hits, 0 errors, 0 left on base; Hillsboro 0 - Williamsport 0 |
| BOTTOM OF THE 1ST |
|
Williamsport Crosscutters batting - Pitching for Hillsboro Hops : RHP Ted Koene
|
|
Pitching: RHP Ted Koene
|
|
|
Batting: RHB Prabhukumar Santhanakrishnan
|
0-0: Ball 1-0: Ball 2-0: Ball 3-0: Called Strike 3-1: Foul Ball, location: 2F 3-2: Fly out, F3 (Popup, 3, EV 61.2 MPH)
|
|
Batting: RHB Ken Gadberry
|
0-0: Swinging Strike 0-1: Ball 1-1: Ball 2-1: Called Strike 2-2: Ball 3-2: Strikes out looking
|
|
Batting: SHB Benjamin Brown
|
0-0: Called Strike 0-1: Ball 1-1: Ball 2-1: Ball 3-1: Called Strike 3-2: Base on Balls
|
|
Batting: LHB Tsuneharu Nishimura
|
0-0: Called Strike 0-1: Ball 1-1: Ball 2-1: Ball Benjamin Brown is caught stealing 2nd base 2-6
|
| Bottom of the 1st over - 0 runs, 0 hits, 0 errors, 0 left on base; Hillsboro 0 - Williamsport 0 |
| TOP OF THE 2ND |
|
Hillsboro Hops batting - Pitching for Williamsport Crosscutters : RHP Alard Kraaijeveld
|
|
Batting: LHB Andy Wilmoth
|
0-0: Ball 1-0: Foul Ball, location: 2F 1-1: Foul Ball, location: 2F 1-2: Foul Ball, location: 2F 1-2: Ball 2-2: Ground out 4-3 (Groundball, 4, EV 78.8 MPH)
|
|
Batting: RHB Jeremy Adams
|
0-0: Ground out 5-3 (Groundball, 5D, EV 84.4 MPH)
|
|
Batting: RHB Bryan Shuller
|
0-0: Called Strike 0-1: Ball 1-1: Foul Ball, location: 2F 1-2: Strikes out swinging
|
| Top of the 2nd over - 0 runs, 0 hits, 0 errors, 0 left on base; Hillsboro 0 - Williamsport 0 |
| BOTTOM OF THE 2ND |
|
Williamsport Crosscutters batting - Pitching for Hillsboro Hops : RHP Ted Koene
|
|
Batting: LHB Tsuneharu Nishimura
|
0-0: Ball 1-0: Called Strike 1-1: Foul Ball, location: 2F 1-2: Strikes out looking
|
|
Batting: RHB Matt McDevitt
|
0-0: Called Strike 0-1: Ball 1-1: DOUBLE (Line Drive, 7LM, EV 107.5 MPH)
|
|
Batting: RHB Allen Gravel
|
0-0: Swinging Strike 0-1: Ball 1-1: Foul Ball, location: 2F 1-2: Strikes out swinging
|
|
Batting: RHB Moritake Fukumoto
|
0-0: Called Strike 0-1: Called Strike 0-2: Foul Ball, location: 2F 0-2: Ball 1-2: Fly out, F7 (Flyball, 7LD, EV 96.2 MPH)
|
| Bottom of the 2nd over - 0 runs, 1 hit, 0 errors, 1 left on base; Hillsboro 0 - Williamsport 0 |
| TOP OF THE 3RD |
|
Hillsboro Hops batting - Pitching for Williamsport Crosscutters : RHP Alard Kraaijeveld
|
|
Batting: SHB Mike Kiefer
|
0-0: Called Strike 0-1: Ball 1-1: Called Strike 1-2: Foul Ball, location: 2F 1-2: Fly out, F4 (Line Drive, 4, EV 67.5 MPH)
|
|
Batting: RHB Trevor Corey
|
0-0: Ball 1-0: Called Strike 1-1: Swinging Strike 1-2: Strikes out looking
|
|
Batting: RHB Larry Valencia
|
0-0: Called Strike 0-1: SINGLE (Groundball, 6D, EV 110.6 MPH)
|
|
Batting: RHB Edgar Garcia
|
0-0: Called Strike 0-1: Ball 1-1: Ball 2-1: Ball 3-1: Base on Balls Larry Valencia to second
|
|
Batting: RHB Brandon Joshua
|
0-0: Foul Ball, location: 2F 0-1: Swinging Strike 0-2: TRIPLE (Flyball, 89XD, EV 100.0 MPH) Larry Valencia scores Edgar Garcia scores
|
|
Batting: RHB Chris Bittner
|
0-0: Called Strike 0-1: Swinging Strike 0-2: Ball 1-2: Strikes out swinging
|
| Top of the 3rd over - 2 runs, 2 hits, 0 errors, 1 left on base; Hillsboro 2 - Williamsport 0 |
| BOTTOM OF THE 3RD |
|
Williamsport Crosscutters batting - Pitching for Hillsboro Hops : RHP Ted Koene
|
|
Batting: RHB Jimmy Misener
|
0-0: Called Strike 0-1: Ball 1-1: Ball 2-1: Ground out 5-3 (Groundball, 5S, EV 63.8 MPH)
|
|
Batting: RHB Cory Bonham
|
0-0: Ball 1-0: Called Strike 1-1: Ball 2-1: Foul Ball, location: 2F 2-2: Ball 3-2: Foul Ball, location: 2F 3-2: Foul Ball, location: 2F 3-2: Foul Ball, location: 2F 3-2: Base on Balls
|
|
Batting: RHB Prabhukumar Santhanakrishnan
|
0-0: Foul Ball, location: 2F 0-1: Ball 1-1: Swinging Strike 1-2: Foul Ball, location: 2F 1-2: Fielders Choice at 2nd, 2-4 (Groundball, 2L, EV 70.6 MPH)
|
|
Batting: RHB Ken Gadberry
|
0-0: Called Strike Prabhukumar Santhanakrishnan steals 2nd base 0-1: Ball 1-1: Foul Ball, location: 2F 1-2: Ball 2-2: Ball 3-2: Ground out U3 (Groundball, 34, EV 103.1 MPH)
|
| Bottom of the 3rd over - 0 runs, 0 hits, 0 errors, 1 left on base; Hillsboro 2 - Williamsport 0 |
| TOP OF THE 4TH |
|
Hillsboro Hops batting - Pitching for Williamsport Crosscutters : RHP Alard Kraaijeveld
|
|
Batting: LHB Andy Wilmoth
|
0-0: Ball 1-0: Called Strike 1-1: Ball 2-1: Ball 3-1: Foul Ball, location: 2F 3-2: Ground out 5-3 (Groundball, 56, EV 85.6 MPH)
|
|
Batting: RHB Jeremy Adams
|
0-0: Ball 1-0: Ball 2-0: Called Strike 2-1: Foul Ball, location: 2F 2-2: Foul Ball, location: 2F 2-2: Ball 3-2: Strikes out swinging
|
|
Batting: RHB Bryan Shuller
|
0-0: Called Strike 0-1: Called Strike 0-2: Ground out 5-3 (Groundball, 56, EV 76.2 MPH)
|
| Top of the 4th over - 0 runs, 0 hits, 0 errors, 0 left on base; Hillsboro 2 - Williamsport 0 |
| BOTTOM OF THE 4TH |
|
Williamsport Crosscutters batting - Pitching for Hillsboro Hops : RHP Ted Koene
|
|
Batting: SHB Benjamin Brown
|
0-0: Ground out 4-3 (Groundball, 4, EV 99.4 MPH)
|
|
Batting: LHB Tsuneharu Nishimura
|
0-0: Called Strike 0-1: Ball 1-1: Ground out 4-3 (Groundball, 4, EV 85.0 MPH)
|
|
Batting: RHB Matt McDevitt
|
0-0: Fly out, F9 (Flyball, 9, EV 85.0 MPH)
|
| Bottom of the 4th over - 0 runs, 0 hits, 0 errors, 0 left on base; Hillsboro 2 - Williamsport 0 |
| TOP OF THE 5TH |
|
Hillsboro Hops batting - Pitching for Williamsport Crosscutters : RHP Alard Kraaijeveld
|
|
Batting: SHB Mike Kiefer
|
0-0: Ground out 6-3 (Groundball, 6, EV 92.5 MPH)
|
|
Batting: RHB Trevor Corey
|
0-0: Ball 1-0: Called Strike 1-1: Called Strike 1-2: Foul Ball, location: 2F 1-2: SINGLE (Flyball, 7LS, EV 90.0 MPH)
|
|
Batting: RHB Larry Valencia
|
0-0: Foul Ball, location: 2F 0-1: Fielders Choice at 2nd, 3-6 (Groundball, 34, EV 80.0 MPH)
|
|
Batting: RHB Edgar Garcia
|
0-0: Called Strike Larry Valencia steals 2nd base 0-1: Ball 1-1: Called Strike 1-2: Ball 2-2: Foul Ball, location: 2F 2-2: Ball 3-2: Base on Balls
|
|
Pitching: RHP Paul Wright
|
|
|
Batting: RHB Brandon Joshua
|
0-0: Called Strike 0-1: Swinging Strike 0-2: Strikes out swinging
|
| Top of the 5th over - 0 runs, 1 hit, 0 errors, 2 left on base; Hillsboro 2 - Williamsport 0 |
| BOTTOM OF THE 5TH |
|
Williamsport Crosscutters batting - Pitching for Hillsboro Hops : RHP Ted Koene
|
|
Batting: RHB Allen Gravel
|
0-0: Ball 1-0: Swinging Strike 1-1: Swinging Strike 1-2: Ball 2-2: Foul Ball, location: 2F 2-2: Strikes out swinging
|
|
Batting: RHB Moritake Fukumoto
|
0-0: Ball 1-0: Ball 2-0: Called Strike 2-1: SOLO HOME RUN (Flyball, 78XD, EV 104.4 MPH), Distance : 421 ft
|
|
Batting: RHB Jimmy Misener
|
0-0: Fly out, F9 (Flyball, 9LM, EV 98.8 MPH)
|
|
Batting: RHB Cory Bonham
|
0-0: Called Strike 0-1: Ground out U3 (Groundball, 34, EV 109.4 MPH)
|
| Bottom of the 5th over - 1 run, 1 hit, 0 errors, 0 left on base; Hillsboro 2 - Williamsport 1 |
| TOP OF THE 6TH |
|
Hillsboro Hops batting - Pitching for Williamsport Crosscutters : RHP Paul Wright
|
|
Batting: RHB Chris Bittner
|
0-0: Called Strike 0-1: Ball 1-1: Ground out 5-3 (Groundball, 5, EV 89.4 MPH)
|
|
Batting: LHB Andy Wilmoth
|
0-0: Ball 1-0: Called Strike 1-1: Called Strike 1-2: Ball 2-2: Foul Ball, location: 2F 2-2: Strikes out swinging
|
|
Batting: RHB Jeremy Adams
|
0-0: Ball 1-0: Ball 2-0: Ball 3-0: Base on Balls
|
|
Batting: RHB Bryan Shuller
|
0-0: Called Strike 0-1: Ball 1-1: Called Strike 1-2: Ball 2-2: SINGLE (Groundball, 56S, EV 60.0 MPH) (infield hit) Jeremy Adams to second
|
|
Batting: SHB Mike Kiefer
|
0-0: Ball 1-0: Ground out U3 (Groundball, 3, EV 90.6 MPH)
|
| Top of the 6th over - 0 runs, 1 hit, 0 errors, 2 left on base; Hillsboro 2 - Williamsport 1 |
| BOTTOM OF THE 6TH |
|
Williamsport Crosscutters batting - Pitching for Hillsboro Hops : RHP Ted Koene
|
|
Batting: RHB Prabhukumar Santhanakrishnan
|
0-0: Called Strike 0-1: SINGLE (Groundball, 6M, EV 98.1 MPH) (infield hit)
|
|
Batting: RHB Ken Gadberry
|
0-0: Called Strike 0-1: Called Strike 0-2: Foul Ball, location: 2F 0-2: SINGLE (Flyball, 4D, EV 93.1 MPH) Prabhukumar Santhanakrishnan to second
|
|
Batting: SHB Benjamin Brown
|
0-0: Ball 1-0: Foul Ball, location: 2F 1-1: Ball 2-1: SINGLE (Groundball, 6D, EV 94.4 MPH) Prabhukumar Santhanakrishnan to third Ken Gadberry to second Runner from 3rd tries for Home, SAFE, throw by CF to home
|
|
Batting: LHB Tsuneharu Nishimura
|
0-0: Ball 1-0: Foul Ball, location: 2F 1-1: Foul Ball, location: 2F 1-2: Fielders Choice at 2nd, 5-4 (Groundball, 56, EV 103.1 MPH) Ken Gadberry to third
|
|
Pitching: LHP Eric Dennis
|
|
|
Batting: RHB Matt McDevitt
|
0-0: Ball 1-0: Ball 2-0: Foul Ball, location: 2F 2-1: Ball 3-1: Base on Balls Tsuneharu Nishimura to second
|
|
Batting: RHB Allen Gravel
|
0-0: Ball 1-0: Fly out, F7 (Flyball, 78D, EV 105.0 MPH) Runner from 3rd tags up, SCORES, throw by LF Tsuneharu Nishimura to third
|
|
Batting: RHB Moritake Fukumoto
|
0-0: Called Strike 0-1: Ball 1-1: SINGLE (Groundball, 6MD, EV 97.5 MPH) Tsuneharu Nishimura scores Matt McDevitt to second
|
|
Batting: RHB Jimmy Misener
|
0-0: Ball 1-0: Swinging Strike 1-1: Ball 2-1: 3-RUN HOME RUN (Flyball, 78XD, EV 115.6 MPH), Distance : 454 ft
|
|
Pitching: RHP Josh Halvorson
|
|
|
Batting: RHB Cory Bonham
|
0-0: Called Strike 0-1: Swinging Strike 0-2: Strikes out looking
|
| Bottom of the 6th over - 6 runs, 5 hits, 0 errors, 0 left on base; Hillsboro 2 - Williamsport 7 |
| TOP OF THE 7TH |
|
Hillsboro Hops batting - Pitching for Williamsport Crosscutters : RHP Paul Wright
|
|
Batting: RHB Trevor Corey
|
0-0: Ball 1-0: Ball 2-0: Called Strike 2-1: Foul Ball, location: 2F 2-2: SINGLE (Groundball, 5D, EV 101.2 MPH)
|
|
Batting: RHB Larry Valencia
|
0-0: Ball 1-0: Ball 2-0: Swinging Strike 2-1: Foul Ball, location: 2F 2-2: Strikes out swinging
|
|
Batting: RHB Edgar Garcia
|
0-0: Ball 1-0: Called Strike 1-1: Foul Ball, location: 2F 1-2: Ball 2-2: Ball 3-2: Fielders Choice at 2nd, 1-6 (Groundball, 34S, EV 68.8 MPH)
|
|
Batting: RHB Brandon Joshua
|
0-0: Called Strike 0-1: Ball 1-1: Ground out 5-3 (Groundball, 5S, EV 67.5 MPH)
|
| Top of the 7th over - 0 runs, 1 hit, 0 errors, 1 left on base; Hillsboro 2 - Williamsport 7 |
| BOTTOM OF THE 7TH |
|
Williamsport Crosscutters batting - Pitching for Hillsboro Hops : RHP Josh Halvorson
|
|
Batting: RHB Prabhukumar Santhanakrishnan
|
0-0: Called Strike 0-1: Called Strike 0-2: Foul Ball, location: 2F 0-2: Ball 1-2: Strikes out looking
|
|
Batting: RHB Ken Gadberry
|
0-0: Ground out 4-3 (Groundball, 4MS, EV 83.8 MPH)
|
|
Batting: SHB Benjamin Brown
|
0-0: Called Strike 0-1: Ball 1-1: Called Strike 1-2: Ball 2-2: Strikes out swinging
|
| Bottom of the 7th over - 0 runs, 0 hits, 0 errors, 0 left on base; Hillsboro 2 - Williamsport 7 |
| TOP OF THE 8TH |
|
Hillsboro Hops batting - Pitching for Williamsport Crosscutters : RHP Paul Wright
|
|
Batting: RHB Chris Bittner
|
0-0: Ball 1-0: Reached on error, E6 (Groundball, 6, EV 88.1 MPH)
|
|
Batting: LHB Andy Wilmoth
|
0-0: SINGLE (Groundball, 56D, EV 105.0 MPH) Chris Bittner to third
|
|
Batting: RHB Jeremy Adams
|
0-0: Ball 1-0: Foul Ball, location: 2F 1-1: Foul Ball, location: 2F 1-2: Ball 2-2: Fielders Choice at 2nd, 6-4 (Groundball, 6, EV 104.4 MPH) Chris Bittner scores
|
|
Pitching: LHP Victor Villarreal
|
|
|
Batting: RHB Bryan Shuller
|
0-0: Ball 1-0: Called Strike 1-1: Foul Ball, location: 2F 1-2: Ball 2-2: TRIPLE (Flyball, 7D, EV 101.9 MPH) Jeremy Adams scores
|
|
Batting: SHB Mike Kiefer
|
0-0: Foul Ball, location: 2F 0-1: Called Strike 0-2: Ball 1-2: Strikes out swinging
|
|
Batting: RHB Trevor Corey
|
0-0: Ball Wild Pitch! Bryan Shuller scores 1-0: Called Strike 1-1: Called Strike 1-2: Strikes out swinging
|
| Top of the 8th over - 3 runs, 2 hits, 1 error, 0 left on base; Hillsboro 5 - Williamsport 7 |
| BOTTOM OF THE 8TH |
|
Williamsport Crosscutters batting - Pitching for Hillsboro Hops : RHP Josh Halvorson
|
|
Batting: LHB Tsuneharu Nishimura
|
0-0: SOLO HOME RUN (Flyball, 89XD, EV 106.2 MPH), Distance : 410 ft
|
|
Batting: RHB Matt McDevitt
|
0-0: Called Strike 0-1: DOUBLE (Flyball, 8LXD, EV 111.2 MPH)
|
|
Batting: RHB Allen Gravel
|
0-0: Ball 1-0: Ball 2-0: Ball 3-0: Foul Ball, location: 2F 3-1: Base on Balls
|
|
Batting: RHB Moritake Fukumoto
|
0-0: Ground out 6-3 (Groundball, 6S, EV 65.6 MPH) Matt McDevitt to third Allen Gravel to second
|
|
Batting: RHB Jimmy Misener
|
0-0: Intentional Walk
|
|
Batting: RHB Cory Bonham
|
0-0: Called Strike 0-1: Foul Ball, location: 2F 0-2: Grounds into fielders choice 3-2 (Groundball, 3S, EV 74.4 MPH) Allen Gravel to third Jimmy Misener to second
|
|
Batting: RHB Prabhukumar Santhanakrishnan
|
0-0: Fly out, F7 (Flyball, 78M, EV 93.1 MPH)
|
| Bottom of the 8th over - 1 run, 2 hits, 0 errors, 3 left on base; Hillsboro 5 - Williamsport 8 |
| TOP OF THE 9TH |
|
Hillsboro Hops batting - Pitching for Williamsport Crosscutters : LHP Victor Villarreal
|
|
Pitching: RHP Dou-guan Ti
|
|
|
Batting: RHB Larry Valencia
|
0-0: Foul Ball, location: 2F 0-1: Ground out 4-3 (Groundball, 4, EV 91.2 MPH)
|
|
Batting: RHB Edgar Garcia
|
0-0: DOUBLE (Groundball, 5L, EV 101.2 MPH)
|
|
Batting: RHB Brandon Joshua
|
0-0: Called Strike 0-1: Called Strike 0-2: Foul Ball, location: 2F 0-2: Ball 1-2: Ground out 3-1 (Groundball, 13, EV 85.6 MPH) Edgar Garcia to third
|
|
Batting: RHB Chris Bittner
|
0-0: Called Strike 0-1: Called Strike 0-2: Ground out 6-3 (Groundball, 6, EV 86.9 MPH)
|
| Top of the 9th over - 0 runs, 1 hit, 0 errors, 1 left on base; Hillsboro 5 - Williamsport 8 |
|